AoeStats
← Lord_Wilfredo

Arabia

507188808Analyzed
1v1 RM · 14d ago on Sep 17, 2026· 49m 26s· 2 players
Game mode
Random Map
Map size
Tiny (2 player)
Population
200
Speed
Normal
Resources
Standard
Victory
Conquest
Starting age
Dark Age
Ending age
Imperial Age
RankedLock teamsTeams togetherTeam positionsShared explorationLock speedFull tech treeHidden civsTurbo modeCheats
Victory
Defeat
🇨🇦 Mapuche · Canada
1236
+17
🇦🇷 Mongols · Argentina
1254
-17
Attack What
7:25 Loom
9:46 Feudal Age
10:27 Double-Bit Axe
10:14 Champi Runner
15:27 Horse Collar
17:48 Wheelbarrow
17:34 Scale Mail Armor
19:21 Padded Archer Armor
20:14 Fletching
23:30 Castle Age
22:31 Forging
24:45 Bow Saw
27:46 Elite Skirmisher
28:41 Bodkin Arrow
31:55 Leather Archer Armor
38:27 Hand Cart
42:49 Imperial Age
42:37 Heavy Plow
42:40 Gold Mining
42:41 Stone Mining
42:49 Stone Mining
43:17 Elite Bolas Rider
45:08 Malon
47:30 Chemistry
47:11 Conscription
48:47 Ring Archer Armor
Lord_Wilfredo
6:20 Loom
8:28 Feudal Age
9:35 Double-Bit Axe
18:40 Fletching
19:14 Padded Archer Armor
22:46 Bloodlines
23:02 Scale Barding Armor
28:32 Castle Age
28:48 Gold Mining
28:38 Crossbowman
29:35 Bow Saw
29:31 Bodkin Arrow
29:02 Light Cavalry
31:14 Chain Barding Armor
30:51 Town Watch
33:30 Husbandry
34:36 Ballistics
35:16 Leather Archer Armor
39:38 Wheelbarrow
39:12 Elite Skirmisher
41:21 Stone Mining
45:16 Imperial Age
46:21 Conscription
45:23 Hussar
48:49 Forging
49:44 Bracer
50:47 Chemistry
Connection lost

Rejoining the realm…

Still unreachable

The connection could not be restored.

Session expired

The server has moved on; the page needs a fresh start.